Map: Year Zero LE

Players

Rob - Winner!

  • Race: Protoss Protoss
  • League: Grandmaster
  • Spawn Location: 11:00

Jason

  • Race: Terran Terran
  • League: Grandmaster
  • Spawn Location: 1:00

VOD

Have the link to the VOD?

Description

Time

  • Played on: May 13, 2019, 1:10 p.m.
  • Length: 19:24
Show
View Real Time Build Order
Export as new Build Order

Rob Protoss - Winner!

Build Orders: 1 Gate Expand, Phoenix Opening, Colossus Rush 

Get SALT Encoding   

  12  0:00  Probe  
  13  0:12  Probe  
  14  0:18  Pylon  
  14  0:24  Probe  
  15  0:32  Probe  
  15  0:38  Gateway  
  15  0:40  Probe  
  16  0:47  Assimilator  
  17  0:51  Probe  
  18  0:59  Probe  
  19  1:07  Probe  
  19  1:17  Probe  
  21  1:27  Nexus  
  21  1:36  Cybernetics Core  
  21  1:39  Probe  
  22  1:44  Assimilator  
  22  1:51  Probe  
  23  1:54  Pylon  
  23  2:07  Adept  
  23  2:12  Probe  
  24  2:18  Warp Gate  
  25  2:24  Probe  
  25  2:26  Stargate  
  25  2:28  Adept  
  26  2:36  Probe  
  27  2:40  Probe, Shield Battery  
  30  2:49  Probe  
  31  2:52  Probe  
  32  3:01  Probe  
  32  3:02  Phoenix  
  32  3:04  Stalker, Probe  
  38  3:13  Probe  
  38  3:16  Probe  
  40  3:25  Phoenix, Probe  
  41  3:28  Probe  
  41  3:30  Pylon  
  44  3:37  Probe  
  44  3:40  Probe  
  46  3:50  Phoenix  
  46  3:54  Probe x2  
  50  4:06  Probe  
  50  4:07  Phoenix, Probe  
  52  4:11  Gateway  
  52  4:12  Robotics Facility  
  52  4:14  Gateway  
  54  4:21  Pylon  
  54  4:32  Assimilator  
  54  4:38  Phoenix  
  54  4:41  Nexus  
  54  4:43  Probe  
  54  4:44  Probe  
  58  4:51  Assimilator  
  58  4:59  Probe  
  60  5:00  Probe  
  58  5:12  Probe x2  
  60  5:14  Robotics Bay  
  60  5:15  Forge  
  60  5:16  Pylon  
  60  5:19  Pylon  
  60  5:20  Gateway  
  60  5:26  Gateway  
  60  5:27  Phoenix, Immortal  
  58  5:29  Probe  
  61  5:41  Probe x2  
  67  5:53  Probe x2  
  67  5:54  Pylon  
  67  5:55  Colossus, Protoss Ground Weapons Level 1  
  69  6:04  Probe  
  70  6:05  Probe  
  77  6:16  Extended Thermal Lance  
  77  6:18  Probe x2  
  79  6:28  Probe  
  79  6:30  Probe  
  81  6:33  Colossus  
  81  6:34  Probe  
  81  6:36  Gateway  
  81  6:38  Gateway  
  81  6:39  Gateway  
  82  6:42  Probe, Gateway  
  82  6:44  Probe  
  84  6:51  Twilight Council, Probe  
  91  6:54  Probe  
  91  6:58  Phoenix, Pylon  
  91  7:00  Sentry  
  91  7:01  Sentry  
  98  7:08  Probe x2  
  98  7:09  Probe  
  98  7:10  Assimilator  
  98  7:12  Assimilator  
  101  7:17  Colossus  
  101  7:20  Pylon  
  101  7:21  Probe  
  108  7:30  Charge  
  108  7:35  Forge  
  108  7:37  Pylon  
  108  7:39  Photon Cannon  
  108  7:42  Phoenix, Pylon  
  108  7:43  Pylon  
  110  7:48  Robotics Facility  
  110  8:00  Colossus  
  110  8:02  Nexus  
  110  8:03  Probe x2  
  110  8:04  Probe, Pylon  
  111  8:15  Probe  
  111  8:16  Probe  
  119  8:22  Colossus, Probe  
  120  8:27  Photon Cannon, Probe  
  120  8:28  Probe  
  120  8:29  Pylon, Protoss Ground Weapons Level 2  
  123  8:34  Probe  
  123  8:36  Protoss Ground Armor Level 1  
  123  8:40  Probe x2  
  123  8:41  Assimilator  
  131  8:45  Assimilator  
  131  8:46  Probe  
  131  8:47  Colossus  
  132  8:48  Photon Cannon  
  132  8:51  Photon Cannon, Shield Battery  
  132  8:52  Probe x2  
  134  8:57  Photon Cannon  
  134  8:59  Shield Battery  
  134  9:00  Probe  
  141  9:04  Probe  
  140  9:29  Zealot x8  
  140  9:30  Zealot  
  140  9:31  Pylon  
  158  9:33  Phoenix, Pylon  
  158  9:36  Templar Archives  
  158  9:38  Photon Cannon  
  156  9:43  Colossus  
  156  9:53  Colossus  
  156  9:55  Fleet Beacon  
  156  9:56  Phoenix  
  170  10:10  Pylon  
  170  10:14  Pylon  
  170  10:20  Psionic Storm  
  170  10:26  Gateway  
  170  10:28  Pylon  
  170  10:30  Gateway  
  170  10:32  High Templar x4, Gateway  
  170  10:34  Gateway  
  178  10:36  Gateway  
  178  10:39  Immortal x2  
  178  10:40  Stargate  
  186  10:54  Photon Cannon  
  186  10:55  Photon Cannon  
  186  10:56  Protoss Ground Weapons Level 3  
  186  10:58  Shield Battery  
  186  10:59  Shield Battery  
  186  11:06  Protoss Ground Armor Level 2  
  186  11:13  Nexus  
  186  11:16  Tempest  
  186  11:17  Pylon  
  191  11:26  Tempest  
  190  11:38  Stalker x5  
  190  11:39  Stalker x3  
  194  11:47  Blink  
  194  11:50  Stalker x2  
  194  11:51  Stalker  
  198  12:24  Observer  
  199  12:30  Gateway  
  199  12:31  Gateway  
  199  12:35  Gateway  
  199  12:37  Gateway  
  199  12:49  Zealot x6  
  199  12:50  Zealot x2  
  200  12:54  Archon x2  
  174  13:01  Zealot x6  
  157  13:06  Colossus x2  
  169  13:13  Assimilator  
  169  13:14  Tempest  
  169  13:15  Assimilator  
  169  13:23  Tempest  
  179  13:30  Nexus, Protoss Shields Level 1  
  179  13:31  Nexus  
  179  13:38  Pylon  
  179  13:49  Protoss Ground Armor Level 3  
  179  13:50  Pylon  
  179  13:53  High Templar  
  179  13:54  High Templar x3  
  187  13:56  Zealot x6  
  197  14:20  Zealot  
  199  14:29  Pylon  
  197  14:38  Tempest  
  196  14:40  Stargate  
  196  14:43  Stargate  
  196  14:44  Zealot  
  196  14:45  Zealot x2  
  199  14:48  Stargate  
  191  14:57  Zealot x2  
  191  14:58  Zealot x7  
  196  15:11  Photon Cannon x2  
  196  15:15  Photon Cannon  
  196  15:16  Photon Cannon  
  196  15:20  Photon Cannon  
  196  15:21  Zealot x2  
  200  15:22  Disruptor x2  
  196  15:46  Stalker  
  196  15:47  Stalker  
  156  16:11  Stalker x2  
  156  16:12  Stalker x16  
  186  16:30  Pylon  
  186  16:32  Pylon x2  
  179  16:34  Pylon  
  177  16:41  Phoenix  
  178  16:58  Tempest  
  178  17:00  Robotics Facility x2  
  183  17:04  Pylon  
  183  17:07  Assimilator  
  183  17:10  Assimilator  
  183  17:15  Nexus  
  183  17:22  Stalker x8  
  195  17:40  Tempest  
  188  17:51  Stalker  
  188  17:52  Stalker x5  
  200  18:18  High Templar  
  200  18:19  High Templar x2  
  190  18:38  Archon  
  167  18:45  Zealot x9  
  167  18:46  Stalker x5  
  167  18:47  Stalker  
  155  19:08  High Templar x12  
  155  19:09  High Templar  
  181  19:16  Pylon  
  181  19:23  Nexus  
Show
View Real Time Build Order
Export as new Build Order

Jason Terran 

Build Orders: Gas First Reaper Expand 

Get SALT Encoding   

  12  0:00  SCV  
  13  0:13  SCV  
  14  0:18  Supply Depot  
  14  0:26  SCV  
  15  0:29  Refinery  
  15  0:40  SCV  
  16  0:47  Barracks  
  16  0:52  SCV  
  17  1:04  SCV  
  18  1:16  SCV  
  19  1:34  Reaper  
  19  1:35  Orbital Command  
  20  1:48  Command Center  
  20  1:59  Factory  
  20  2:04  SCV  
  21  2:09  Barracks Reactor  
  21  2:17  SCV  
  21  2:19  Supply Depot  
  22  2:23  Refinery  
  22  2:29  SCV  
  23  2:41  SCV  
  24  2:48  Starport  
  24  2:52  Hellion  
  24  2:53  Hellion  
  24  2:55  Barracks Tech Lab  
  28  3:00  SCV  
  29  3:07  Orbital Command  
  29  3:12  SCV  
  30  3:23  Cyclone  
  30  3:24  SCV  
  30  3:25  Marine x2  
  36  3:33  Viking  
  38  3:37  SCV x2  
  40  3:51  SCV x2, Marine x2  
  41  3:55  Siege Tank  
  44  4:03  SCV  
  44  4:08  SCV  
  46  4:13  Starport Tech Lab  
  46  4:14  Supply Depot  
  46  4:16  Supply Depot  
  46  4:18  SCV  
  46  4:20  SCV  
  46  4:24  Bunker  
  46  4:34  Command Center  
  46  4:36  SCV x2  
  48  4:41  Viking  
  48  4:45  Engineering Bay  
  50  4:46  Marine  
  50  4:47  Marine  
  50  4:48  SCV  
  53  4:53  SCV  
  52  5:00  SCV  
  53  5:11  SCV  
  54  5:15  Missile Turret  
  54  5:17  Missile Turret  
  54  5:20  SCV  
  55  5:22  Stimpack, Marine  
  55  5:23  SCV  
  54  5:32  SCV  
  54  5:35  SCV  
  55  5:37  Starport Reactor  
  55  5:39  Marine  
  56  5:44  SCV  
  56  5:45  Missile Turret  
  56  5:47  SCV  
  58  5:51  Barracks  
  58  5:53  Terran Infantry Weapons Level 1, Barracks  
  58  5:56  SCV  
  58  5:57  Orbital Command, Marine  
  58  5:59  SCV  
  60  6:05  Refinery  
  60  6:06  Refinery  
  60  6:08  SCV  
  61  6:11  SCV  
  61  6:15  Marine  
  61  6:20  SCV  
  61  6:23  SCV  
  61  6:24  SCV  
  64  6:26  Medivac, Factory Reactor  
  64  6:30  Barracks  
  64  6:32  SCV, Barracks  
  67  6:33  Marauder  
  67  6:36  SCV  
  67  6:37  SCV, Supply Depot  
  71  6:44  Marauder, Marine, SCV  
  71  6:45  Combat Shield, Marine  
  76  6:48  SCV, Supply Depot  
  76  6:52  Supply Depot  
  77  6:58  SCV, Marauder  
  77  6:59  Medivac  
  82  7:01  Supply Depot  
  82  7:02  SCV  
  82  7:05  Marine  
  82  7:06  Marine  
  85  7:10  Marauder  
  85  7:11  Orbital Command  
  85  7:12  SCV  
  85  7:13  Widow Mine x2  
  85  7:14  Supply Depot  
  92  7:17  Starport  
  92  7:19  Barracks Tech Lab x2  
  92  7:21  SCV  
  93  7:24  SCV  
  94  7:31  Marine  
  94  7:32  Marine  
  94  7:33  SCV  
  94  7:35  Viking x2  
  101  7:38  SCV  
  101  7:39  SCV  
  101  7:40  Missile Turret  
  101  7:43  Marauder  
  101  7:44  Marauder  
  107  7:45  Marauder, SCV  
  107  7:50  SCV  
  107  7:51  SCV  
  112  7:53  Refinery  
  112  7:55  Supply Depot  
  112  7:56  Refinery  
  112  7:57  Terran Infantry Armor Level 1  
  112  7:59  SCV  
  112  8:02  SCV  
  114  8:12  Viking  
  116  8:13  SCV  
  116  8:16  Supply Depot  
  116  8:17  Viking, Factory Reactor, SCV x2  
  121  8:20  Armory  
  121  8:23  Marauder, Marine  
  121  8:25  SCV  
  125  8:36  Supply Depot  
  125  8:37  SCV x2, Medivac x2, Sensor Tower  
  125  8:39  Supply Depot  
  125  8:40  SCV, Marine  
  125  8:41  Marine  
  134  8:44  Viking  
  134  8:45  Concussive Shells  
  136  8:49  SCV  
  136  8:51  Ghost Academy  
  136  8:53  Supply Depot x2  
  137  8:56  Widow Mine  
  137  8:57  Widow Mine  
  137  9:02  Marauder  
  143  9:03  Marine x3  
  143  9:07  Viking  
  148  9:10  Viking  
  149  9:17  Widow Mine  
  149  9:22  Viking x2  
  155  9:26  SCV  
  155  9:27  SCV x2  
  155  9:29  Terran Ship Weapons Level 1  
  155  9:30  Marine  
  155  9:31  Marine x4  
  158  9:32  Marauder  
  158  9:37  Viking  
  164  9:40  Viking  
  166  9:51  Terran Infantry Weapons Level 2  
  165  9:59  Command Center  
  165  10:02  Viking x2  
  165  10:03  Marauder  
  165  10:05  Marauder  
  172  10:08  Missile Turret  
  172  10:16  Ghost  
  172  10:17  Viking, Engineering Bay  
  176  10:24  Missile Turret  
  176  10:29  Ghost x2  
  176  10:34  Viking  
  182  10:37  Widow Mine  
  182  10:39  SCV x3, Sensor Tower  
  187  10:47  Refinery  
  187  10:48  Refinery  
  187  10:49  Ghost  
  189  11:03  Terran Infantry Armor Level 2  
  189  11:10  Ghost  
  189  11:11  Ghost  
  191  11:14  Ghost  
  191  11:16  Planetary Fortress  
  195  11:26  SCV  
  196  11:36  Viking  
  198  11:41  Viking  
  198  11:46  Command Center  
  200  11:48  Starport  
  200  11:49  Starport, Barracks  
  200  11:50  Barracks  
  196  12:16  Viking  
  196  12:17  Viking  
  200  12:25  Personal Cloaking  
  200  12:31  Starport  
  200  12:32  Starport Reactor x2  
  171  12:55  Viking  
  171  12:57  Viking  
  171  12:58  Viking, Marine  
  154  13:00  Marine x2  
  154  13:01  Marauder  
  154  13:03  Viking  
  154  13:05  Marine x3  
  141  13:06  Marauder  
  141  13:10  Liberator x2  
  127  13:14  Viking x4  
  127  13:16  Liberator, Marine  
  127  13:18  Marine x2  
  133  13:22  Marauder  
  133  13:23  Marauder, Marine  
  133  13:24  Fusion Core, Marauder  
  133  13:25  Viking  
  133  13:27  Liberator x2, Marine  
  145  13:33  Marine  
  156  13:35  Terran Infantry Weapons Level 3  
  156  13:36  Marine x2  
  156  13:41  Marine  
  159  13:44  Marauder, Marine  
  159  13:45  Marauder x2, Sensor Tower  
  159  13:47  Planetary Fortress  
  169  13:49  Missile Turret  
  169  13:50  Starport Tech Lab  
  169  13:51  Marine  
  169  13:55  Marine x2  
  172  13:57  Liberator  
  172  13:58  Liberator, Marine  
  172  14:02  Ghost  
  173  14:04  Ghost, Liberator  
  173  14:06  Marauder, Marine  
  173  14:09  Marine  
  178  14:10  Liberator  
  178  14:12  Marine  
  178  14:13  Marine  
  178  14:16  Marine  
  181  14:24  Marauder  
  181  14:27  Liberator  
  181  14:28  Marauder  
  188  14:31  Marauder  
  188  14:33  Advanced Ballistics  
  188  14:34  Marauder  
  188  14:37  Marine  
  192  14:38  Liberator  
  192  14:40  Liberator  
  200  15:12  Barracks Tech Lab x2  
  200  15:16  Refinery  
  200  15:18  Command Center x2  
  200  15:21  Liberator  
  200  15:29  Liberator x2  
  200  15:30  Liberator  
  200  15:32  Marine  
  200  15:34  Liberator, Marine x2  
  200  15:36  Liberator, Marine  
  196  15:51  Liberator  
  174  16:06  Marine  
  174  16:07  Marauder, Marine x2  
  177  16:15  Command Center  
  177  16:16  Command Center  
  173  16:27  Liberator  
  173  16:28  Marauder, Liberator, Marine x3  
  173  16:29  Marine x3  
  173  16:30  Marauder  
  177  16:46  Marine  
  175  16:49  Marine x3  
  175  16:52  SCV  
  179  16:56  SCV  
  179  17:00  SCV  
  181  17:07  SCV  
  182  17:20  Marine x2  
  182  17:21  Marauder, SCV  
  187  17:38  Viking  
  189  17:51  Viking  
  189  17:58  Ghost  
  189  17:59  Marine  
  192  18:08  Viking  
  192  18:16  Marine  
  192  18:17  Marauder, Marine x2  
  194  18:21  Planetary Fortress  
  194  18:23  Liberator x2  
  187  18:29  Ghost x2  
  184  18:39  Marauder, Marine x3  
  184  18:40  Marine  
  184  18:41  Marine  
  115  18:57  Marauder, Marine x2  
  115  18:58  Marine x3  
  115  18:59  Marine  
  115  19:00  Marine  
  114  19:10  Refinery  
Tags
 
Add a new tag
Caveats
  • Supply blocks, unpowered buildings, or Contaminate may cause inaccurate times.
  • Supply counts are checked every 10 seconds.